 Dungeon Crawl Stone Soup version 0.15-a0-1485-g692b94f (webtiles) character file.

94 Quh the Poker (level 4, -2/35 HPs)
             Began as a Demonspawn Abyssal Knight on June 14, 2014.
             Was a Believer of Lugonu.
             Slain by an adder (3 damage)
             ... on Level 2 of the Dungeon.
             The game lasted 00:11:14 (2196 turns).

Quh the Poker (Demonspawn Abyssal Knight)           Turns: 2196, Time: 00:11:14

HP  -2/35        AC  4     Str 14      XL: 4   Next: 38%
MP   7/7         EV 10     Int 13      God: Lugonu [**....]
Gold 45          SH  0     Dex 12      Spells:  0 memorised,  3 levels left

rFire  . . .     SeeInvis .     m - +2 spear (flame)
rCold  . . .     Clarity  .     b - +0 leather armour
rNeg   . . .     rCorr    .     (no shield)
rPois  .         rRot     .     (no helmet)
rElec  .         Spirit   .     (no cloak)
SustAb .         Warding  .     (no gloves)
rMut   .         Stasis   .     (no boots)
Gourm  .                        (no amulet)
MR     .....                    (no ring)
                                (no ring)

@: very slightly contaminated, hasted, very heavily drained, very quick, not
resistant to hostile enchantments, very unstealthy
A: molten scales 1, demonic guardian 1
a: Depart the Abyss, Bend Space, Renounce Religion


You were on level 2 of the Dungeon.
You worshipped Lugonu.
Lugonu was pleased with you.
You were very hungry.

You visited 1 branch of the dungeon, and saw 2 of its levels.
You visited the Abyss 1 time.

You collected 45 gold pieces.

Inventory:

Hand weapons
 a - a +1,+1 spear
 d - a +1,+2 sling
 m - a +2,+2 spear of flaming (weapon)
Missiles
 h - 25 stones (quivered)
 q - 26 arrows
Armour
 b - a +0 leather armour (worn)
Comestibles
 c - 2 bread rations
 f - a meat ration
 k - a beef jerky
Scrolls
 e - 2 scrolls of noise {unknown}
 g - a scroll of random uselessness {unknown}
 i - a scroll of blinking {unknown}
 l - 3 scrolls of immolation {unknown}
 p - 4 scrolls of teleportation {unknown}
 u - a scroll of remove curse {unknown}
Potions
 j - a potion of mutation {unknown}
 n - a potion of curing {unknown}
 o - a potion of confusion {unknown}
 r - a potion of haste
 s - 2 potions of heal wounds {unknown}


   Skills:
 - Level 3.0(0.1) Fighting
 * Level 3.7(0.8) Polearms
 - Level 1.7(0.0) Armour
 - Level 0.8(0.0) Dodging
 + Level 3.7(0.8) Invocations


You had 3 spell levels left.
You didn't know any spells.

Dungeon Overview and Level Annotations

Branches:
Dungeon (2/15)

Altars:


Innate Abilities, Weirdness & Mutations

You are partially covered in molten scales (AC +1).
A weak demonic guardian rushes to your aid.


Message History

You feel yourself speed up.
It was a potion of haste.
The adder barely misses you.
You are very lightly contaminated with residual magic.
You hit the adder. You burn the adder.
The adder is moderately wounded.
The adder closely misses you.
You puncture the adder! You burn the adder.
The adder is almost dead.
The adder barely misses you.
You barely miss the adder.
The adder is almost dead.
The adder bites you but does no damage.
Your leather armour prevents you from hitting the adder.
The adder is almost dead.
The adder bites you.
* * * LOW HITPOINT WARNING * * *
You closely miss the adder.
The adder is almost dead.
The adder bites you.
You die...

.....# #.........#
###...... .....#
#.........###?.......
.....#####
#.........#...#......
.....'.).####.........#.###
.....
.....###....'.........'.#
.!.. ....(#
######....<5)<.### ...
.....# ###'####### # ###'##
#S#### ##.# #.@..# #..#
####.# ##.####
#########'###
......####...........#
........##...........#
......#..+...........#
......####...).......#
......# #...........#
......# #...........#


You could see an adder.

Vanquished Creatures
  4 adders
  A giant mite (D:2)
  2 giant geckos
  An ooze (D:1)
  A bat (D:1)
  5 hobgoblins
  4 jackals (D:1)
  4 giant cockroaches
  3 giant newts
  5 goblins
  5 kobolds
  2 rats (D:1)
37 creatures vanquished.

Vanquished Creatures (collateral kills)
  Terence (D:2)
1 creature vanquished.

Vanquished Creatures (others)
  A crimson imp (D:2)
  An ufetubus (D:2)
2 creatures vanquished.

Grand Total: 40 creatures vanquished

Notes
Turn   | Place    | Note
--------------------------------------------------------------
     0 | Abyss:1  | Quh, the Demonspawn Abyssal Knight, began the quest for the Orb.
     0 | Abyss:1  | Reached XP level 1. HP: 18/18 MP: 1/1
   160 | Abyss:1  | Noticed an ancient zyme
   161 | D:1      | Escaped the Abyss
   473 | D:1      | Acquired Lugonu's first power
   484 | D:1      | Gained mutation: You are partially covered in molten scales (AC +1). [demonic ancestry]
   484 | D:1      | Reached XP level 2. HP: 18/24 MP: 2/2
  1200 | D:1      | Reached XP level 3. HP: 16/29 MP: 5/5
  1902 | D:2      | Gained mutation: A weak demonic guardian rushes to your aid. [demonic ancestry]
  1902 | D:2      | Reached XP level 4. HP: 31/35 MP: 7/7
  1964 | D:2      | Acquired Lugonu's second power
  2157 | D:2      | Noticed Terence
  2187 | D:2      | Killed Terence
  2195 | D:2      | HP: 1/35 [adder (2)]
  2196 | D:2      | Slain by an adder

Action                   |  1- 3 |  4- 6 || total
-------------------------+-------+-------++-------
Melee: Spear             |   100 |    37 ||   137
Throw: Stone             |     6 |     6 ||    12
Invok: Depart the Abyss  |     1 |       ||     1
  Use: Potion            |       |     1 ||     1
